 Dungeon Crawl Stone Soup version 0.19-a0-1402-g0c1e9a7 (webtiles) character file.

191 Barbarella the Covered (level 5, 0/33 HPs)
             Began as a Gargoyle Fighter on Sept 4, 2016.
             Slain by an orc wizard
             ... wielding a +0 dagger
              (3 damage)
             ... on level 3 of the Dungeon.
             The game lasted 00:05:55 (2763 turns).

Barbarella the Covered (Gargoyle Fighter)           Turns: 2763, Time: 00:05:55

Health: 0/33       AC: 11    Str: 20    XL:     5   Next: 70%
Magic:  5/5        EV:  7    Int:  8    God:
Gold:   166        SH:  9    Dex: 10    Spells: 0 memorised, 4 levels left

rFire  . . .     SeeInvis .     a - +0 war axe
rCold  . . .     Gourm    .     b - +0 scale mail
rNeg   + . .     Faith    .     c - +0 shield
rPois  ∞         Spirit   .     (no helmet)
rElec  +         Dismiss  .     (no cloak)
rCorr  .         Reflect  .     (no gloves)
MR     .....     Harm     .     (no boots)
Stlth  ..........               (no amulet)
                                (no ring)
                                (no ring)

@: no status effects
A: negative energy resistance 1, electricity resistance, unbreathing,
petrification resistance, rot immunity, AC +4
a: no special abilities


You were on level 3 of the Dungeon.
You were hungry.

You visited 1 branch of the dungeon, and saw 4 of its levels.

You collected 166 gold pieces.

Inventory:

Hand Weapons
 a - a +0 war axe (weapon)
Missiles
 o - 2 throwing nets (quivered)
Armour
 b - a +0 scale mail (worn)
 c - a +0 shield (worn)
 k - a +0 pair of boots
 l - a +0 pair of gloves
Jewellery
 p - a cursed -5 ring of strength {unknown}
Scrolls
 e - 2 scrolls of fog {unknown}
 h - 6 scrolls of remove curse
 j - 2 scrolls of teleportation {unknown}
 m - a scroll of enchant weapon {unknown}
 q - 2 scrolls of identify {unknown}
 r - a scroll of fear {unknown}
 s - a scroll of immolation {unknown}
Potions
 d - 3 potions of might
 n - 3 potions of lignification {unknown}
 t - a potion of agility {unknown}
 u - a potion of curing {unknown}
Comestibles
 f - 2 bread rations
 g - a beef jerky
 i - a meat ration


   Skills:
 + Level 3.7 Fighting
 * Level 3.3 Axes
 + Level 1.8 Throwing
 + Level 4.3 Armour
 + Level 4.0 Shields


You had 4 spell levels left.
You didn't know any spells.

Dungeon Overview and Level Annotations

Branches:
Dungeon (4/15)
 Temple: D:4-7

Altars:
Cheibriados
Gozag
Yredelemnul
The Shining One

Shops:
D:4 (


Innate Abilities, Weirdness & Mutations

You are resistant to torment.
Your stone body is resilient. (AC +4)
You are immune to poison.
You resist negative energy. (rN+)
You are resistant to electric shocks. (rElec)
You can survive without breathing.
You are immune to petrification.
You are immune to rotting.


Message History

You hit something but do no damage. Something hits you but does no damage.
You block something's attack. Something hits you but does no damage.
You closely miss something.
Something hits you but does no damage. x2
You slash something! Something hits you but does no damage.
You hear some strange, mumbled words.
A magic dart appears from out of thin air!
The magic dart hits you!
You miss something. You miss something. Something hits you but does no damage.
You block something's attack. Something hits you but does no damage.
You closely miss something.
Something hits you but does no damage. x2
You completely miss something. Something hits you.
* * * LOW HITPOINT WARNING * * *
You block something's attack.
You miss something. Something hits you but does no damage.
You miss something. Something hits you.
* * * LOW HITPOINT WARNING * * *
Something hits you but does no damage.
You hit something. Something hits you.
You die...

.# ##### ##########.###
.# #...##.......# .#
##..##.......## .#####
#..##........# .....#
#..##........######
.....#
#..####+#..........
.....# #..# #....#.######
.....#
#{†#########.#.....
...(.#
##@..........#.##..
.....#
####################.##..
.....#
#..................#.##.#
.....#
#.########.#.#####.#.##.#
###### #.#
#.#....##.#.##.# ###.#
#.####.##.#.##.# #.#.#
#.# #.##.#.##.#
#######.#.# #.#
#....#.##.# ........#.#
#.#########.##..


There were no monsters in sight!

Vanquished Creatures
  A howler monkey (D:4)
  An iguana (D:4)
  3 gnolls (D:3)
  2 adders (D:3)
  2 oozes (D:1)
  A worm (D:2)
  3 dart slugs
  2 giant geckos (D:2)
  An orc (D:3)
  3 giant cockroaches
  10 goblins
  8 hobgoblins
  2 jackals (D:3)
  8 kobolds
  3 quokkas
  2 bats (D:1)
  A giant gecko skeleton (D:4)
  4 giant newts
  5 rats
62 creatures vanquished.

Notes
Turn   | Place    | Note
-------+----------+-------------------------------------------
     0 | D:1      | Barbarella the Gargoyle Fighter began the quest for the Orb.
     0 | D:1      | Reached XP level 1. HP: 14/14 MP: 1/1
    41 | D:1      | Reached XP level 2. HP: 19/19 MP: 2/2
   132 | D:1      | Reached XP level 3. HP: 17/23 MP: 3/3
   146 | D:1      | Reached skill level 1 in Throwing
  1341 | D:2      | Reached XP level 4. HP: 28/28 MP: 4/4
  1464 | D:2      | Found an opulent altar of Gozag.
  2038 | D:3      | Found a basalt altar of Yredelemnul.
  2098 | D:3      | Reached XP level 5. HP: 25/32 MP: 5/5
  2497 | D:3      | Found a glowing golden altar of the Shining One.
  2552 | D:3      | Noticed an angel
  2614 | D:4      | Found Zerchi's Weapon Emporium.
  2699 | D:4      | Found a snail-covered altar of Cheibriados.
  2718 | D:4      | Noticed a phantom
  2763 | D:3      | Slain by an orc wizard

Vault maps used:
D:1:      erik_arrival_gehennom
D:2:      nicolae_gozag_cash_rules_everything_around_me, first_bread
D:3:      grunt_temple_overflow_holy_war
D:4:      kennysheep_slug_shrine, serial_shops, nicolae_shop_window_shopping,
          nemelex_dance_club_becter

Skill      XL: |  1  2  3  4  5 |
---------------+----------------+-----
Axes           | 2 3 |  3.3
Throwing       | 1 |  1.8
Armour         | 4 |  4.3
Shields        | 4 |  4.0
Fighting       | |  3.7

Action                   |  1- 3 |  4- 6 || total
-------------------------+-------+-------++-------
Melee: War axe           |   100 |    91 ||   191
  Use: Scroll            |     3 |       ||     3
       Potion            |     1 |       ||     1
  Eat: Chunk             |     1 |       ||     1
       Bread ration      |       |     1 ||     1
Armor: Scale mail        |    55 |    76 ||   131
Dodge: Dodged            |    36 |    40 ||    76
Block: Shield            |    55 |    59 ||   114
